 Dungeon Crawl Stone Soup version 0.21-a0-349-g0c35859 (webtiles) character file.

52152 grizmgrazm2 the Imperceptible (level 14, -11/86 HPs)
             Began as a Vampire Enchanter on Oct 8, 2017.
             Was a High Priest of Ashenzari.
             Mangled by a harpy (13 damage)
             ... on level 15 of the Dungeon.
             The game lasted 01:25:43 (26224 turns).

grizmgrazm2 the Imperceptible (Vampire Enchanter)  Turns: 26224, Time: 01:25:43

Health: -11/86     AC:  0    Str:  7    XL:     14   Next: 26%
Magic:  22/29      EV: 28    Int: 22    God:    Ashenzari [*****.]
Gold:   1885       SH:  3    Dex: 20    Spells: 8/35 levels left

rFire    . . .     SeeInvis +   (weapon currently unavailable)
rCold    + . .     Gourm    .   (shield currently unavailable)
rNeg     + + .     Faith    .   (armour currently unavailable)
rPois    +         Spirit   .   (helmet currently unavailable)
rElec    .         Reflect  +   (cloak currently unavailable)
rCorr    .         Harm     .   (gloves currently unavailable)
MR       +....     Clarity  +   (boots currently unavailable)
Stlth    ++++++++++             F - +3 amulet of reflection (curse)
HPRegen  0.12/turn              (ring currently unavailable)
MPRegen  0.21/turn              (ring currently unavailable)

@: bat-form, flying, regenerating slowly, very quick
A: fangs 3, see invisible
a: End Transformation, Curse Item, Scrying, Transfer Knowledge, Renounce
Religion


You were on level 15 of the Dungeon.
You worshipped Ashenzari.
Ashenzari was extremely pleased with you.
You were near bloodless.
You were in vampire-bat-form.
You visited 4 branches of the dungeon, and saw 24 of its levels.

You collected 1972 gold pieces.
You spent 87 gold pieces at shops.

Inventory:

Hand Weapons
 a - a +1 dagger
 f - a cursed +3 dagger of venom (melded)
Armour
 b - a cursed +2 robe (melded)
 j - a cursed +2 buckler (melded)
 o - a cursed +2 cloak of magic resistance (melded)
 r - a cursed +2 helmet (melded)
 B - a cursed +2 pair of gloves (melded)
Jewellery
 g - a cursed ring of protection from fire (melded)
 n - a cursed ring of wizardry (melded)
 q - the macabre finger necklace {rN+}
   (You found it on level 9 of the Dungeon)

   [amulet of nothing]

   It protects you from negative energy.
 F - a cursed +3 amulet of reflection (around neck)
Wands
 d - a wand of lightning (10/15)
 i - a wand of digging (20/24)
 v - a wand of random effects (30/48)
 w - a wand of disintegration (9/24)
 H - a wand of polymorph (24/24)
Scrolls
 e - 10 scrolls of remove curse
 h - 4 scrolls of teleportation
 s - a scroll of fog
 A - 5 scrolls of identify
 C - a scroll of fear {unknown}
Potions
 k - 2 potions of blood
 p - 2 potions of haste
 t - 5 potions of agility
 z - 5 potions of brilliance
 D - a potion of cancellation
 E - 2 potions of invisibility
Books
 c - a book of Maledictions

   Spells                             Type                      Level
   a - Corona                         Hexes                        1
   b - Ensorcelled Hibernation        Hexes/Ice                    2
   c - Confuse                        Hexes                        3
   d - Tukima's Dance                 Hexes                        3
   e - Dazzling Spray                 Conjuration/Hexes            3
 m - a book of Power

   Spells                             Type                      Level
   a - Iskenderun's Battlesphere      Conjuration/Charms           5
   b - Venom Bolt                     Conjuration/Poison           5
   c - Bolt of Magma                  Conjuration/Fire/Earth       5
   d - Iron Shot                      Conjuration/Earth            6
   e - Orb of Destruction             Conjuration                  7
   f - Spellforged Servitor           Conjuration/Summoning        7
 u - the Reference Book on Hurtful Feathers
   (You acquired it on level 4 of the Lair of Beasts)

   Spells                             Type                      Level
   a - Airstrike                      Air                          4
   b - Fireball                       Conjuration/Fire             5
   c - Bolt of Magma                  Conjuration/Fire/Earth       5
   d - Venom Bolt                     Conjuration/Poison           5
   e - Bolt of Draining               Conjuration/Necromancy       5
 x - a book of Debilitation

   Spells                             Type                      Level
   a - Corona                         Hexes                        1
   b - Slow                           Hexes                        2
   c - Inner Flame                    Hexes/Fire                   3
   d - Portal Projectile              Hexes/Translocation          3
   e - Cause Fear                     Hexes                        4
   f - Leda's Liquefaction            Hexes/Earth                  4
 y - a book of Enchantments

   Spells                             Type                      Level
   a - Cause Fear                     Hexes                        4
   b - Yara's Violent Unravelling     Hexes/Transmutation          5
   c - Silence                        Hexes/Air                    5
   d - Deflect Missiles               Charms/Air                   6
   e - Discord                        Hexes                        8


   Skills:
 - Level 0.6 Fighting
 + Level 6.7(10.8) Short Blades
 + Level 5.6(8.3) Dodging
 + Level 22.3(24.1) Stealth
 + Level 1.8(3.8) Shields
 + Level 11.4 Spellcasting
 + Level 15.4(18.8) Hexes
 - Level 6.8(10.8) Ice Magic


You had 8 spell levels left.
You knew the following spells:

 Your Spells              Type           Power        Failure   Level  Hunger
a - Ensorcelled Hibernat  Hex/Ice        ######       1%          2    None
b - Confuse               Hex            #######.     0%          3    None
c - Tukima's Dance        Hex            #######.     0%          3    None
d - Slow                  Hex            #######.     0%          2    None
e - Cause Fear            Hex            #######...   1%          4    None
f - Discord               Hex            #######...   14%         8    #######
g - Yara's Violent Unrav  Hex/Tmut       ######....   2%          5    ####...


Dungeon Overview and Level Annotations

Branches:
Dungeon (14/15)            Temple (1/1) D:6            Lair (6/6) D:8
 Shoals (0/4) Lair:4       Spider (0/4) Lair:4        Slime (0/5) Lair:6
    Orc (2/2) D:9             Elf (0/3) Orc:2
 Vaults: D:13-14

Altars:
Ashenzari
Cheibriados
Dithmenos
Elyvilon
Fedhas
Gozag
Hepliaklqana
Kikubaaqudgha
Makhleb
Nemelex Xobeh
Okawaru
Qazlal
Ru
Sif Muna
Trog
Uskayaw
Vehumet
Wu Jian
Xom
Yredelemnul
Zin
The Shining One

Shops:
D:10 *   D:11 (

Portals:
Trove: D:10 (give 17 potions of curing)

Annotations:
D:14 Louise
Lair:3 exclusion: oklob plant
Orc:2 Donald


Innate Abilities, Weirdness & Mutations

You heal slowly.
You have razor-sharp teeth.
You have supernaturally acute eyesight. (SInv)
((You can survive without breathing.))


Message History

Your cursed +2 cloak of magic resistance melds into your body.
Your cursed +2 helmet melds into your body.
Your cursed +2 pair of gloves melds into your body.
Your cursed +2 buckler melds into your body.
Your cursed +2 robe melds into your body.
Your cursed ring of protection from fire melds into your body.
Your cursed ring of wizardry melds into your body.
Your cursed +3 dagger of venom stops dripping with poison.
You feel less resistant to hostile enchantments.
The harpy misses you. The harpy claws you! The harpy misses you.
You block the harpy's attack. The harpy claws you!!
* * * LOW HITPOINT WARNING * * *
The harpy completely misses you. The harpy claws you!
* * * LOW HITPOINT WARNING * * *
The harpy claws you!
* * * LOW HITPOINT WARNING * * *
The harpy claws you!
You die...

#...#....#....##** * *
#)#.#.#.#.#.#..########
#.#.#.÷÷..#.#..........
#.#.#.#.#.#.#.....#...#
##....#....#.....#.†.#..
#..#...#####.#.....#†..#
#..##........#..........
##..##.###.###..##..##..
##....bH......###### ,
#.#.#.####...# * #######
#####


You could see a neutral harpy (insane).

Vanquished Creatures
  Kirke (Lair:5)
  Nessos (Lair:4)
  The ghost of SpeedyPerson7 the Severer, a journeyman MiBe of Trog (D:11)
  2 hydras
  Erolcha (D:10)
  2 two-headed ogres
  An orc high priest (Orc:2)
  A fire crab (Lair:5)
  An unseen horror (D:12)
  A lindwurm (Lair:6)
  An orc knight (Orc:2)
  An orc sorcerer (Orc:1)
  2 manticores
  7 elephants (Lair:6)
  Joseph (D:8)
  7 black mambas
  A torpor snail (Lair:3)
  7 spiny frogs
  A gargoyle (D:10)
  2 kobold demonologists (D:6)
  4 rime drakes
  3 komodo dragons
  A polar bear (D:13)
  Grinder (D:4)
  3 hornets (D:12)
  4 trolls
  8 hippogriffs
  6 slime creatures (D:10)
  22 blink frogs
  2 dream sheep (Lair:3)
  Sigmund (D:4)
  A spriggan (Lair:4)
  A vampire (D:15)
  A water elemental (D:12)
  A shadow (D:12)
  20 yaks
  3 wyverns
  8 hogs
  A human (D:8)
  Grum (D:8)
  2 hungry ghosts
  7 wargs
  A hell hound (Lair:6)
  An acid dragon (D:15)
  12 water moccasins
  8 porcupines
  3 sky beasts
  2 black bears
  22 orc warriors
  3 ice beasts
  An eye of draining (D:8)
  2 phantoms
  6 ogres
  9 centaurs
  15 crocodiles
  13 wolves
  2 big kobolds
  3 gnoll sergeants
  11 bullfrogs
  6 scorpions
  8 wights
  3 howler monkeys (D:9)
  6 crimson imps
  2 centaur zombies
  2 bullfrog zombies
  A quasit (D:6)
  17 hounds
  19 orc priests
  9 jellies
  4 bullfrog skeletons
  15 orc wizards
  3 gnoll shamans (D:8)
  2 iguanas
  2 centaur skeletons
  13 worker ants
  4 hell rats (Lair:5)
  2 hound zombies
  2 hound skeletons
  18 adders
  17 gnolls
  3 river rats (Lair:5)
  5 shadow imps
  3 oozes (Lair:6)
  An adder zombie (D:7)
  2 worms
  2 dart slugs
  4 leopard geckos
  57 orcs
  8 giant cockroaches
  2 goblins (D:1)
  11 hobgoblins
  2 jackals (D:10)
  2 quokkas
  8 bats
  4 frilled lizards
  A giant cockroach zombie (D:5)
  18 kobolds
  A leopard gecko skeleton (D:5)
  12 rats
  A butterfly (D:6)
  9 plants
568 creatures vanquished.

Vanquished Creatures (collateral kills)
  5 two-headed ogres
  An ogre mage (D:15)
  4 harpies (D:15)
  An elephant (Lair:6)
  2 ogres (D:15)
  3 wights (D:10)
16 creatures vanquished.

Vanquished Creatures (others)
  A water moccasin (Lair:6)
  8 fungi
  35 plants
44 creatures vanquished.

Grand Total: 628 creatures vanquished

Notes
Turn   | Place    | Note
-------+----------+-------------------------------------------
     0 | D:1      | grizmgrazm2 the Vampire Enchanter began the quest for the Orb.
     0 | D:1      | Reached XP level 1. HP: 13/13 MP: 3/3
   235 | D:1      | Reached XP level 2. HP: 16/19 MP: 3/5
   275 | D:1      | Learned a level 2 spell: Ensorcelled Hibernation
   572 | D:1      | Reached skill level 5 in Hexes
  1094 | D:2      | Reached skill level 5 in Stealth
  1094 | D:2      | Reached XP level 3. HP: 20/24 MP: 3/6
  1099 | D:2      | Learned a level 3 spell: Confuse
  1141 | D:2      | Found a glowing golden altar of the Shining One.
  1920 | D:3      | Found a white marble altar of Elyvilon.
  2111 | D:3      | Reached XP level 4. HP: 30/30 MP: 7/7
  2154 | D:3      | HP: 1/30 [orc priest/falchion (6)]
  2156 | D:3      | Reached skill level 6 in Stealth
  2501 | D:3      | Reached XP level 5. HP: 36/36 MP: 8/8
  3061 | D:4      | Noticed Sigmund
  3067 | D:4      | Killed Sigmund
  3067 | D:4      | Reached skill level 7 in Stealth
  3067 | D:4      | Reached skill level 1 in Ice Magic
  3067 | D:4      | Reached XP level 6. HP: 41/42 MP: 3/10
  3098 | D:4      | Reached skill level 8 in Stealth
  3179 | D:4      | Noticed Grinder
  3187 | D:4      | Killed Grinder
  3187 | D:4      | Reached skill level 9 in Stealth
  3187 | D:4      | Reached XP level 7. HP: 47/47 MP: 11/11
  4198 | D:5      | Entered Level 5 of the Dungeon
  4233 | D:5      | Reached skill level 10 in Stealth
  4563 | D:5      | Reached XP level 8. HP: 46/53 MP: 10/13
  4704 | D:5      | Reached skill level 11 in Stealth
  4874 | D:5      | Noticed a moth of wrath
  4877 | D:5      | Found a bloodstained altar of Trog.
  5435 | D:5      | Learned a level 3 spell: Tukima's Dance
  5497 | D:6      | Found a transporter.
  5515 | D:6      | Noticed a kobold demonologist
  5522 | D:6      | Noticed a kobold demonologist
  5533 | D:6      | Reached skill level 12 in Stealth
  5674 | D:6      | Found a transporter.
  5952 | D:6      | Found a staircase to the Ecumenical Temple.
  6012 | D:6      | Reached XP level 9. HP: 58/58 MP: 4/15
  6163 | Temple   | Entered the Ecumenical Temple
  6804 | D:6      | Killed a kobold demonologist
  6804 | D:6      | Reached skill level 13 in Stealth
  6834 | D:6      | Killed a kobold demonologist
  6834 | D:6      | Reached skill level 5 in Spellcasting
  6999 | D:7      | Found a hazy altar of Hepliaklqana.
  7666 | D:8      | Noticed Grum
  7670 | D:8      | Killed Grum
  7683 | D:7      | Reached skill level 10 in Hexes
  7702 | D:7      | Reached skill level 14 in Stealth
  7784 | D:8      | Noticed Joseph
  8361 | D:8      | Reached XP level 10. HP: 64/64 MP: 16/19
  8477 | D:8      | Found a staircase to the Lair.
  8495 | D:8      | Found a shattered altar of Ashenzari.
  8501 | D:8      | Became a worshipper of Ashenzari the Shackled
  8511 | D:8      | Identified the +7 hunting sling of Beogh's Wrath {speed, +Fly}
  8511 | D:8      | Identified the +11 quarterstaff "Imp's Death Toll" {holy, +Fly rElec rF+ Int-5} (You found it on level 7 of the Dungeon)
  8929 | D:8      | Found a shadowy altar of Dithmenos.
  9173 | D:8      | Reached skill level 15 in Stealth
  9263 | D:8      | Reached skill level 5 in Short Blades
  9737 | Lair:1   | Entered Level 1 of the Lair of Beasts
 10020 | Lair:1   | Noticed a spiny frog
 10024 | Lair:1   | Killed a spiny frog
 10024 | Lair:1   | Reached skill level 16 in Stealth
 10141 | Lair:1   | Reached XP level 11. HP: 69/69 MP: 22/22
 10657 | Lair:2   | Found a basalt altar of Yredelemnul.
 10751 | Lair:2   | Learned a level 2 spell: Slow
 10756 | Lair:2   | Learned a level 4 spell: Cause Fear
 10817 | Lair:2   | Reached * piety under Ashenzari
 11113 | Lair:3   | Reached skill level 17 in Stealth
 11164 | Lair:3   | Noticed an oklob plant
 11782 | Lair:3   | Found a radiant altar of Vehumet.
 12192 | Lair:4   | Reached skill level 18 in Stealth
 13141 | Lair:4   | Found a staircase to the Shoals.
 13196 | Lair:4   | Found a hole to the Spider Nest.
 13207 | Lair:4   | Reached skill level 5 in Ice Magic
 13281 | Lair:4   | Noticed Nessos
 13285 | Lair:4   | Killed Nessos
 13321 | Lair:4   | Identified 2 scrolls of acquirement
 13322 | Lair:4   | Identified the Reference Book on Hurtful Feathers (You acquired it on level 4 of the Lair of Beasts)
 13335 | Lair:4   | Learned a level 8 spell: Discord
 13386 | Lair:4   | Reached XP level 12. HP: 75/75 MP: 19/24
 13735 | Lair:4   | Reached skill level 19 in Stealth
 14561 | Lair:5   | Reached ** piety under Ashenzari
 14815 | Lair:5   | Noticed a death yak
 14858 | Lair:5   | Noticed a death yak
 15227 | Lair:1   | Learned a level 5 spell: Yara's Violent Unravelling
 15430 | D:8      | Killed Joseph
 15557 | D:9      | Found a staircase to the Orcish Mines.
 15571 | D:9      | Found the macabre finger necklace {rN+}
 15615 | D:9      | Noticed a two-headed ogre
 15622 | D:9      | Killed a two-headed ogre
 15783 | D:9      | Found a blossoming altar of Fedhas.
 16002 | D:9      | Found an ornate altar of the Wu Jian Council.
 16002 | D:9      | Found a snail-covered altar of Cheibriados.
 16006 | D:9      | Found a hide-covered altar of Uskayaw.
 16086 | D:9      | Reached *** piety under Ashenzari
 16185 | D:10     | Entered Level 10 of the Dungeon
 16422 | D:10     | Noticed Erolcha
 16429 | D:10     | Killed Erolcha
 16487 | D:10     | Found a portal to a secret trove of treasure.
 16506 | D:10     | Reached skill level 20 in Stealth
 16521 | D:10     | Found Xawnut's Assorted Antiques.
 16532 | D:10     | Bought a scroll labeled KAZAM ROIM for 29 gold pieces
 16532 | D:10     | Bought a scroll of identify for 58 gold pieces
 16551 | D:10     | Noticed a two-headed ogre
 16784 | D:10     | Killed a two-headed ogre
 17399 | D:11     | Found Umugryip's Weapon Boutique.
 17406 | D:11     | Noticed SpeedyPerson7's ghost (journeyman MiBe)
 17585 | D:11     | Killed SpeedyPerson7's ghost
 17585 | D:11     | Reached XP level 13. HP: 40/80 MP: 17/26
 18400 | D:12     | Reached **** piety under Ashenzari
 18450 | D:12     | HP: 2/80 [fell apart]
 19648 | Orc:1    | Entered Level 1 of the Orcish Mines
 19921 | Orc:1    | Reached skill level 10 in Spellcasting
 20937 | Orc:2    | Entered Level 2 of the Orcish Mines
 20937 | Orc:2    | Found a staircase to the Elven Halls.
 20952 | Orc:2    | Noticed Donald
 21873 | Orc:2    | Reached skill level 21 in Stealth
 22281 | Orc:1    | Reached skill level 1 in Shields
 22934 | Lair:5   | Noticed Kirke
 23044 | Lair:5   | Killed Kirke
 23044 | Lair:5   | Reached skill level 5 in Dodging
 23572 | Lair:6   | Entered Level 6 of the Lair of Beasts
 23840 | Lair:6   | Found a staircase to the Slime Pits.
 24449 | Lair:6   | Reached skill level 15 in Hexes
 24796 | D:12     | Reached skill level 22 in Stealth
 24811 | D:12     | Reached XP level 14. HP: 74/86 MP: 26/29
 25115 | D:12     | Reached ***** piety under Ashenzari
 25500 | D:14     | Noticed Louise
 25669 | D:12     | You are sucked into a shaft for 3 floors!
 25669 | D:15     | Entered Level 15 of the Dungeon
 26223 | D:15     | HP: 2/86 [harpy (10)]
 26224 | D:15     | Mangled by a harpy

Vault maps used:
D:1:      shiori_arrival_elements, minmay_close_crescents
D:2:      old_standard_altar
D:3:      nicolae_overflow_crystal_walls, first_bread, st_stairs_1,
          grunt_ministairs_14
D:4:      lightli_minifort, uniq_grinder, uniq_sigmund
D:5:      tgw_trog
D:6:      gammafunk_wand_slinger, minmay_temple_entry_butterflies
D:7:      old_standard_altar, grunt_ministairs_8
D:8:      kennysheep_housing_project, lemuel_doored_altar, marbit_many_paths,
          lair_entry_dummy, grunt_livestock, uniq_joseph, uniq_grum
D:9:      minitemple, basic_altar, grunt_decor_one_mirror
D:10:     nicolae_trove_entry_crossroad, serial_shops,
          nicolae_shop_behind_doors, uniq_erolcha
D:11:     serial_shops, shop_statue
D:13:     grunt_vaults_entry_fortified, ice2_lemuel, uniq_josephine
D:14:     uniq_sonja, uniq_louise
D:15:     hangedman_slaughterboxes
Temple:   cyrus_circular_temple
Lair:2:   basic_altar, st_stairs_13, grunt_megastairs_2, serial_bayou_shore_b
Lair:3:   lab_entry_generic, basic_altar
Lair:4:   minmay_shoals_entry_centaurs, dummy_spider_entry, wad_woods_03,
          uniq_nessos
Lair:5:   kennysheep_abandoned_house, grunt_megastairs_1, uniq_kirke
Lair:6:   guppyfry_lair_end_dragon, hangedman_lair_caniforms_friends,
          nicolae_slime_entry_slimehenge, minivault_11, grunt_megastairs_3
Orc:1:    nicolae_orc_lava_tube
Orc:2:    st_orc_mages, uniq_donald

Skill      XL: |  1  2  3  4  5  6  7  8  9 10 11 12 13 |
---------------+----------------------------------------+-----
Hexes          | 5 6 7 10 11 12 13 15 | 15.4
Stealth        | 5 6 7 9 10 12 14 16 18 20 22 | 22.3
Short Blades   | 2 3 4 5 6 |  6.7
Ice Magic      | 1 2 3 4 5 6 |  6.8
Spellcasting   | 3 4 6 7 8 9 11 | 11.4
Dodging        | 3 4 5 |  5.6
Shields        | 1 |  1.8
Fighting       | |  0.6

Action                   |  1- 3 |  4- 6 |  7- 9 | 10-12 | 13-15 || total
-------------------------+-------+-------+-------+-------+-------++-------
Melee: Dagger            |    67 |    48 |   157 |   629 |   307 ||  1208
       Bite              |     1 |     3 |    13 |    59 |    21 ||    97
       Unarmed           |       |       |       |       |     1 ||     1
 Cast: Corona            |     4 |       |       |       |       ||     4
       Ensorcelled Hiber |    15 |    18 |    36 |   178 |   209 ||   456
       Confuse           |       |     1 |    38 |    61 |    47 ||   147
       Tukima's Dance    |       |       |       |     8 |       ||     8
       Discord           |       |       |       |       |     3 ||     3
       Cause Fear        |       |       |       |       |     1 ||     1
       Yara's Violent Un |       |       |       |       |     1 ||     1
Invok: Curse Item        |       |       |       |     7 |       ||     7
 Abil: Bat Form          |       |       |     2 |     2 |     8 ||    12
       End Transformatio |       |       |     2 |     2 |     7 ||    11
  Use: Potion            |     1 |     3 |     7 |    19 |    25 ||    55
       Scroll            |     1 |       |     7 |    25 |    15 ||    48
 Stab: Sleeping          |    22 |    20 |    52 |   176 |   154 ||   424
       Confused          |       |     1 |    17 |    30 |    18 ||    66
       Distracted        |       |       |       |     5 |     1 ||     6
  Eat: Corpse            |       |       |       |       |     1 ||     1
Armor: Robe              |     7 |     8 |    18 |    49 |    46 ||   128
Dodge: Dodged            |    37 |    38 |    75 |   186 |   207 ||   543
Block: Other             |       |       |       |    19 |     1 ||    20
       Reflection        |       |       |       |     1 |     3 ||     4
       Buckler           |       |       |       |    15 |   125 ||   140

Table legend:
 A = Spawn XP
 B = Non-spawn XP
 C = Spawn XP percentage of total XP
 D = Spawn monster count
 E = Non-spawn monster count
 F = Spawn count percentage of total count
 G = Total turns spent on level
                    A         B        C        D         E        F      G
               +---------+---------+-------+---------+---------+-------+---------
         Total |       0 |   74504 |   0.0 |       0 |     575 |   0.0 | 26224
               +---------+---------+-------+---------+---------+-------+---------
           D:1 |       0 |      41 |   0.0 |       0 |      24 |   0.0 |   925
           D:2 |       0 |      26 |   0.0 |       0 |       8 |   0.0 |   967
           D:3 |       0 |     183 |   0.0 |       0 |      29 |   0.0 |  1169
           D:4 |       0 |     931 |   0.0 |       0 |      19 |   0.0 |  1386
           D:5 |       0 |     572 |   0.0 |       0 |      21 |   0.0 |   991
           D:6 |       0 |    2083 |   0.0 |       0 |      25 |   0.0 |  1451
           D:7 |       0 |    1378 |   0.0 |       0 |      17 |   0.0 |  1378
           D:8 |       0 |    4354 |   0.0 |       0 |      72 |   0.0 |  1749
           D:9 |       0 |    2054 |   0.0 |       0 |      24 |   0.0 |   868
          D:10 |       0 |    4121 |   0.0 |       0 |      30 |   0.0 |  1208
          D:11 |       0 |    4179 |   0.0 |       0 |      25 |   0.0 |  1646
          D:12 |       0 |    4340 |   0.0 |       0 |      26 |   0.0 |   823
          D:13 |       0 |    1068 |   0.0 |       0 |       6 |   0.0 |   186
          D:15 |       0 |    5639 |   0.0 |       0 |      16 |   0.0 |   555
        Lair:1 |       0 |    2102 |   0.0 |       0 |       9 |   0.0 |   854
        Lair:2 |       0 |    1122 |   0.0 |       0 |      10 |   0.0 |   719
        Lair:3 |       0 |    4919 |   0.0 |       0 |      26 |   0.0 |  1958
        Lair:4 |       0 |    9846 |   0.0 |       0 |      40 |   0.0 |  2269
        Lair:5 |       0 |    9669 |   0.0 |       0 |      36 |   0.0 |  1302
        Lair:6 |       0 |    9283 |   0.0 |       0 |      35 |   0.0 |   688
         Orc:1 |       0 |    3706 |   0.0 |       0 |      45 |   0.0 |  2711
         Orc:2 |       0 |    2888 |   0.0 |       0 |      32 |   0.0 |   338
               +---------+---------+-------+---------+---------+-------+---------
